 Dungeon Crawl Stone Soup version 0.29.0-10-g45618ea6d2 (webtiles) character file.

Game seed: 9914849536574151652

3568 sanka the Grappler (level 9, -7/92 HPs)
             Began as a Troll Cinder Acolyte on Sept 1, 2022.
             Was a Follower of Okawaru.
             Mangled by a fire elemental (9 damage)
             ... created by the fiery vengeance of Ignis
             ... on level 9 of the Dungeon.
             The game lasted 00:10:18 (6895 turns).

sanka the Grappler (Troll Cinder Acolyte)           Turns: 6895, Time: 00:10:20

Health: -7/92      AC: 13    Str: 24    XL:     9   Next: 84%
Magic:  7/9        EV: 10    Int: 10    God:    Okawaru [*.....]
Gold:   428        SH:  0    Dex:  9    Spells: 10/10 levels left

rFire   . . .      SeeInvis .     - Unarmed
rCold   . . .      Faith    .   (no shield)
rNeg    . . .      Spirit   .   L - +2 robe {rF+}
rPois   .          Reflect  .   (helmet restricted)
rElec   .          Harm     .   D - +2 cloak
rCorr   +          Rampage  .   (gloves unavailable)
Will    .....                   (boots unavailable)
Stlth   +++.......              (no amulet)
HPRegen 1.05/turn               J - ring of resist corrosion
MPRegen 0.11/turn               H - +4 ring of protection

@: heroic, fire susceptible
A: large, unfitting armour, claws 3, regeneration 1, shaggy fur 1, tough skin 1
a: Renounce Religion, Heroism


You were on level 9 of the Dungeon.
You worshipped Okawaru.
Okawaru was aware of your devotion.
You visited 2 branches of the dungeon, and saw 10 of its levels.
You also visited: Sewer.

You collected 428 gold pieces.


Innate Abilities, Weirdness & Mutations

You are too large for most types of armour.
You have claws for hands.
Your natural rate of healing is unusually fast.
You are covered in fur. (AC +1)
You have tough skin. (AC +1)


   Skills:
 + Level 6.5(11.5) Fighting
 + Level 12.2(17.2) Unarmed Combat
 - Level 1.0 Spellcasting
 - Level 2.1 Fire Magic
 + Level 2.1 Invocations


You had 10 spell levels left.
You didn't know any spells.
Your spell library contained the following spells:

 Spells                   Type           Power      Damage    Failure   Level
 Scorch                   Fire           8%         2d5       22%         2
 Apportation              Tloc           0%         N/A       34%         1
 Magic Dart               Conj           0%         1d3       34%         1
 Sandblast                Erth           0%         2d4       34%         1
 Slow                     Hex            0%         N/A       34%         1
 Passwall                 Tmut/Erth      0%         N/A       45%         2
 Searing Ray              Conj           0%         2d4       45%         2
 Ignite Poison            Fire/Tmut/Pois 1%         N/A       61%         3
 Confusing Touch          Hex            0%         N/A       71%         3
 Mephitic Cloud           Conj/Pois/Air  0%         N/A       71%         3
 Stone Arrow              Conj/Erth      0%         3d7       71%         3
 Vampiric Draining        Necr           0%         2d6       71%         3
 Fulminant Prism          Conj/Hex       0%         3d6       98%         4
 Freezing Cloud           Conj/Ice/Air   0%         6-21      100%        5

Inventory:

Missiles
 z - 2 throwing nets {=f}
 F - 2 javelins
Armour
 D - a +2 cloak (worn)
 L - a +2 robe of fire resistance (worn)
Jewellery
 s - a ring of wizardry
 H - a +4 ring of protection (right claw)
 I - a ring of fire
 J - a ring of resist corrosion (left claw)
Wands
 p - a wand of roots (12)
 u - a wand of flame (28)
Scrolls
 b - a scroll of noise {unknown}
 c - 3 scrolls of amnesia
 d - 3 scrolls of teleportation {@r4}
 f - 3 scrolls of enchant armour
 i - a scroll of silence {unknown}
 m - a scroll of acquirement {unknown}
 o - 2 scrolls of summoning {unknown}
 r - 3 scrolls of magic mapping
 x - 2 scrolls of torment {!r}
 y - 2 scrolls of poison {unknown}
 A - 4 scrolls of fear {unknown}
 C - a scroll of immolation {unknown}
 G - a scroll of vulnerability {unknown}
Potions
 e - 4 potions of lignification {!q}
 g - a potion of might {unknown}
 j - 5 potions of heal wounds {unknown}
 k - 2 potions of haste {@q3}
 l - 2 potions of mutation {unknown}
 t - 3 potions of curing {unknown}
 v - 2 potions of magic {unknown}
 w - 2 potions of cancellation {unknown}
 B - a potion of brilliance {unknown}
 E - a potion of attraction {unknown}
 K - a potion of berserk rage {unknown}

Dungeon Overview and Level Annotations

Branches:
Dungeon (9/15)             Temple (1/1) D:7           Sewer (visited)
   Lair: D:8-11         Orc: D:9-12

Altars:
Ashenzari
Cheibriados
Elyvilon
Fedhas
Gozag
Hepliaklqana
Kikubaaqudgha
Makhleb
Okawaru
Qazlal
Ru
Sif Muna
Trog
Uskayaw
Wu Jian
Xom
Yredelemnul
Zin
The Shining One
Ignis
Lugonu

Shops:
D:6 [

Portals:
Abyss: D:6

▒...........▒....▒▒.▒▒▒▒▒▒
▒▒▒▒▒▒▒▒'▒+▒▒....▒▒..
▒........▒▒....▒▒..)
▒........▒...▒▒▒▒▒.▒▒
▒....†...▒.☼°....▒+▒
▒▒▒▒▒▒'▒.▒.▒☼☼...▒_▒
▒.▒.▒.☼☼....▒▒▒
▒▒▒▒▒▒▒▒▒▒▒▒†▒°▒▒▒.▒......
...........▒)▒☼ETE........
...........▒.▒▒▒▒▒°▒▒▒....
...........+▒▒▒▒ ▒.▒ ▒▒▒.
...............▒▒▒.▒
▒..........PPc.....▒
.......▒▒.PPPP.▒▒....
.......▒▒.PP_PP▒ ▒...
.......▒..P.P.P▒ ..
.......▒..PPP.P


You could see 2 fire elementals.


Message History

* * * LOW HITPOINT WARNING * * *
You eviscerate the fire elemental!!!
You destroy the fire elemental!
That felt strangely unrewarding.
The fire elemental hits you.
* * * LOW HITPOINT WARNING * * *
The fire elemental burns you!
* * * LOW HITPOINT WARNING * * *
You scratch the fire elemental but do no damage.
The fire elemental hits you. The fire elemental burns you!
* * * LOW HITPOINT WARNING * * *
The fire elemental hits you. The fire elemental burns you!
* * * LOW HITPOINT WARNING * * *
You claw the fire elemental!
The fire elemental is moderately damaged.
The fire elemental barely misses you. The fire elemental hits you.
The fire elemental burns you!
* * * LOW HITPOINT WARNING * * *
You scratch the fire elemental but do no damage.
You claw the fire elemental!!
The fire elemental is almost destroyed.
The fire elemental hits you. The fire elemental burns you!
* * * LOW HITPOINT WARNING * * *
The fire elemental hits you. The fire elemental burns you!
You die...

Action                   |  1- 3 |  4- 6 |  7- 9 || total
-------------------------+-------+-------+-------++-------
Melee: Unarmed           |    50 |    66 |   349 ||   465
       Punch             |     2 |       |    17 ||    19
Invok: Fiery Armour      |     1 |     1 |     3 ||     5
       Heroism           |       |       |     2 ||     2
  Use: Scroll            |       |       |     5 ||     5
       Potion            |       |       |     1 ||     1
Armor: Robe              |    22 |    19 |   157 ||   198
       Skin              |       |       |     6 ||     6
Dodge: Dodged            |    32 |    16 |   140 ||   188

Levels and vault maps discovered:
D:1:      amcnicky_arrival_flooded_fountain, layout_basic,
          amcnicky_mini_pool_small, feat_on_display
D:2:      layout_rooms
D:3:      layout_basic, lemuel_tele_altar, shapermc_ecumenical_altar_rom_forum,
          uniq_ijyb
D:4:      layout_basic, lemuel_round_altar, dk_rats_in_the_wall, uniq_natasha,
          uniq_grinder, uniq_duvessa
D:5:      layout_loops_corners, portal_sewer_entry_f, uniq_blork_the_orc
D:6:      layout_rooms, mainiacjoe_overflow_catwalk_spiral, serial_shops, shop,
          solitary_fountain, interstate_on_off, grunt_decor_cap,
          amcnicky_altar_lugonu_corruption
D:7:      layout_gridville, minmay_temple_entry_water_ring
D:8:      layout_loops_ring, lemuel_zombie_altar_kikubaaqudgha
D:9:      layout_basic, ashenzari_conservatory_becter,
          fedhas_bush_and_centaur_altar, grunt_lair_entry_orc_guard_hut,
          serial_shops, nicolae_shop_trees, uniq_grum, uniq_erica
Temple:   ebering_untended_altars

Notes
Turn   | Place    | Note
-------+----------+-------------------------------------------
     0 | D:1      | sanka the Troll Cinder Acolyte began the quest for the Orb.
     0 | D:1      | Reached XP level 1. HP: 22/22 MP: 1/1
   439 | D:2      | Reached XP level 2. HP: 26/29 MP: 2/2
   440 | D:2      | Reached skill level 4 in Unarmed Combat
   440 | D:2      | Reached XP level 3. HP: 29/36 MP: 3/3
   751 | D:3      | Found a white marble altar of Elyvilon.
   878 | D:3      | Reached skill level 5 in Unarmed Combat
   878 | D:3      | Reached XP level 4. HP: 40/44 MP: 4/4
   900 | D:3      | Noticed Ijyb
   916 | D:3      | Killed Ijyb
  1157 | D:3      | Found a faded altar of an unknown god.
  1167 | D:3      | Got Plato's Compilation of the Tesseract
  1372 | D:4      | Reached XP level 5. HP: 50/50 MP: 5/5
  1404 | D:4      | Reached skill level 6 in Unarmed Combat
  1490 | D:4      | Noticed Dowan
  1491 | D:4      | Noticed Duvessa
  1507 | D:4      | Killed Duvessa
  1508 | D:4      | Reached XP level 6. HP: 27/59 MP: 6/6
  1510 | D:4      | Killed Dowan
  1511 | D:4      | Reached skill level 7 in Unarmed Combat
  1531 | D:4      | Noticed Grinder
  1532 | D:4      | Paralysed by Grinder for 2 turns
  1540 | D:4      | Killed Grinder
  1541 | D:4      | Reached skill level 8 in Unarmed Combat
  1541 | D:4      | Reached XP level 7. HP: 48/66 MP: 7/7
  1703 | D:4      | Noticed Natasha
  1708 | D:4      | Killed Natasha
  1724 | D:4      | Noticed Natasha
  1738 | D:4      | Killed Natasha
  1777 | D:4      | Noticed Natasha
  1786 | D:4      | Killed Natasha
  2304 | D:4      | Found a basalt altar of Yredelemnul.
  3138 | D:4      | Found a basalt altar of Yredelemnul.
  3196 | D:5      | Entered Level 5 of the Dungeon
  3196 | D:5      | Noticed Blork the orc
  3212 | D:5      | Killed Blork the orc
  3213 | D:5      | Reached skill level 9 in Unarmed Combat
  3535 | D:5      | Found a glowing drain.
  3586 | Sewer    | Entered a sewer
  3713 | D:5      | Reached XP level 8. HP: 53/74 MP: 8/8
  3751 | D:5      | Reached skill level 10 in Unarmed Combat
  3977 | D:5      | Reached skill level 3 in Fighting
  4429 | D:6      | Found a one-way gate to the infinite horrors of the Abyss.
  4517 | D:6      | Found a corrupted altar of Lugonu.
  4606 | D:6      | Found a bloodstained altar of Trog.
  4608 | D:6      | Found a glowing silver altar of Zin.
  4705 | D:6      | Reached skill level 4 in Fighting
  4775 | D:6      | Found Goef's Antique Armour Emporium.
  5009 | D:7      | Reached skill level 11 in Unarmed Combat
  5156 | D:7      | Reached XP level 9. HP: 85/85 MP: 9/9
  5304 | D:7      | Found a staircase to the Ecumenical Temple.
  5480 | D:7      | Reached skill level 5 in Fighting
  5953 | Temple   | Entered the Ecumenical Temple
  6029 | Temple   | Fell from the grace of Ignis
  6029 | Temple   | Became a worshipper of Warmaster Okawaru
  6129 | D:8      | Reached skill level 6 in Fighting
  6390 | D:8      | Found an ancient bone altar of Kikubaaqudgha.
  6661 | D:9      | Noticed a kobold demonologist
  6670 | D:9      | Killed a kobold demonologist
  6671 | D:9      | Reached skill level 12 in Unarmed Combat
  6671 | D:9      | Reached skill level 1 in Invocations
  6703 | D:9      | Found a blossoming altar of Fedhas.
  6737 | D:9      | Reached * piety under Okawaru
  6740 | D:9      | Reached skill level 2 in Invocations
  6804 | D:9      | Found a broken altar of Ashenzari.
  6817 | D:9      | HP: 10/138 [fire elemental[the fiery vengeance of Ignis]
                  | (5)]
  6894 | D:9      | HP: 7/92 [fire elemental[the fiery vengeance of Ignis]
                  | (11)]
  6895 | D:9      | HP: 2/92 [fire elemental[the fiery vengeance of Ignis] (6)]
  6895 | D:9      | Mangled by a fire elemental

Vanquished Creatures
  A kobold demonologist (D:9)
  Grinder (D:4)
  4 fire elementals (D:9)
  Duvessa (D:4)
  3 water moccasins
  A sky beast (D:6)
  An ice beast (D:7)
  3 centaurs
  A phantom (D:5)
  A kobold brigand (D:8)
  A bullfrog (D:8)
  A gnoll sergeant (D:7)
  Blork the orc (D:5)
  2 scorpions (D:5)
  4 wights (D:8)
  Dowan (D:4)
  9 killer bees
  5 howler monkeys
  3 hounds (D:6)
  2 jellies
  4 orc priests
  Ijyb (D:3)
  5 iguanas
  Natasha (thrice) (D:4)
  5 orc wizards
  A hell rat (Sewer)
  8 adders
  11 gnolls
  A shadow imp (D:6)
  2 white imps
  An ufetubus (D:5)
  2 worms (D:3)
  A dart slug (D:2)
  30 orcs
  4 ball pythons
  2 bat zombies (D:8)
  2 endoplasms
  3 giant cockroaches (D:5)
  7 goblins
  10 hobgoblins
  3 jackals (D:5)
  4 quokkas
  2 bats
  11 kobolds
  11 rats
  A rat zombie (D:8)
181 creatures vanquished.

Vanquished Creatures (others)
  A bush (D:9)
  A fungus (D:3)
  2 lurking horrors (D:6)
4 creatures vanquished.

Grand Total: 185 creatures vanquished
